 Dungeon Crawl Stone Soup version 0.31-a0-507-gbafd7f5274 (webtiles) character file.

Game seed: 556958083302039696

2020229 MackTheKnife the Slayer (level 20, 213/213 HPs)
             Began as a Red Draconian Berserker on Aug 9, 2023.
             Was the Champion of Jiyva.
             Escaped with the Orb
             ... and 3 runes on Aug 10, 2023!
             The game lasted 01:09:41 (39659 turns).

MackTheKnife the Slayer (Red Draconian Berserker)  Turns: 39659, Time: 01:09:42

Health: 213/213    AC: 16    Str: 23    XL:     20   Next: 72%
Magic:  6/6        EV: 41    Int:  8    God:    Jiyva [******]
Gold:   1566       SH:  5    Dex: 22    Spells: 19/19 levels left

rFire   + . .        L - +9 great mace (antimagic) {mace}
rCold   + . .        (shield currently unavailable)
rNeg    + . .        (body armour unavailable)
rPois   +            O - +2 hat of Waaghead {Str+3}
rElec   .            N - +2 cloak {Stlth+}
rCorr   +            W - +0 pair of fencer's gloves {Riposte Dex+3}
SInv    .            (boots unavailable)
Will    +++..        o - amulet of reflection
Stlth   ++           s - ring of Viuve {rC+ rN+ Will++ EV+5}
HPRegen 2.15/turn    w - +8 ring of evasion
MPRegen 0.60/turn

%: random rage (3%), reflection
@: studying 2 skills
A: breathe fire, AC +10, unfitting armour, fire resistance 1, cold-blooded,
horns 2, talons 3, berserk 1, poison resistance
0: Orb of Zot
}: 3/15 runes: decaying, slimy, gossamer
a: Breathe Fire, Renounce Religion, Oozemancy, Slimify


You escaped.
You worshipped Jiyva.
Jiyva was exalted by your worship.
You visited 10 branches of the dungeon, and saw 46 of its levels.
You also visited: Gauntlet.

You collected 3237 gold pieces.
You spent 1671 gold pieces at shops.


Innate Abilities, Weirdness & Mutations

You can breathe blasts of fire.
Your fiery red scales are hard. (AC +10)
You cannot fit into any form of body armour.
Your flesh is heat resistant. (rF+)
You are cold-blooded and may be slowed by cold attacks.
You have a pair of horns on your head.
You have claws for feet.
You sometimes lose your temper in combat.
Your system is resistant to poisons. (rPois)


   Skills:
 + Level 26.0 Fighting
 - Level 3.0 Long Blades
 - Level 20.0 Maces & Flails
 - Level 19.0 Dodging
 - Level 5.0 Stealth
 - Level 8.0 Evocations


You had 19 spell levels left.
You didn't know any spells.
Your spell library contained the following spells:

 Spells                   Type           Power      Damage    Failure   Level
 Freeze                   Ice            0%         1d3       41%         1
 Kiss of Death            Conj/Necr      0%         2d5       41%         1
 Magic Dart               Conj           0%         1d3       41%         1
 Sandblast                Erth           0%         2d4       41%         1
 Searing Ray              Conj           0%         2d4       54%         2
 Sublimation of Blood     Necr           0%         N/A       54%         2
 Confusing Touch          Hex            0%         N/A       78%         3
 Frozen Ramparts          Ice            0%         1d1       78%         3
 Ozocubu's Armour         Ice            0%         N/A       78%         3
 Stone Arrow              Conj/Erth      0%         3d7       78%         3
 Volatile Blastmotes      Fire/Tloc      0%         2d10      78%         3
 Dispel Undead            Necr           0%         3d6       99%         4
 Fulminant Prism          Conj/Hex       0%         3d5       99%         4
 Iskenderun's Mystic Bla  Conj/Tloc      0%         2d3       99%         4
 Sticky Flame             Conj/Fire      0%         2d3       99%         4
 Summon Ice Beast         Ice/Summ       0%         N/A       99%         4
 Metabolic Englaciation   Hex/Ice        0%         N/A       100%        5
 Simulacrum               Ice/Necr       0%         N/A       100%        6
 Orb of Destruction       Conj           0%         9d5       100%        7
 Infestation              Necr           0%         N/A       100%        8
 Lehudib's Crystal Spear  Conj/Erth      0%         10d2      100%        8
 Animate Armour           Summ/Erth      Unusable   N/A       N/A         4

Inventory:

Hand Weapons
 C - a +5 dire flail of freezing {mace}
   (You took it off a wight on level 6 of the Dungeon)
 F - a +2 antimagic executioner's axe {axerare=g}
   (Trog gifted it to you on level 10 of the Dungeon)
 L - a +9 antimagic great mace (weapon) {mace}
   (Trog gifted it to you on level 2 of the Orcish Mines)
Armour
 M - a +2 pair of boots
   (You found it on level 13 of the Dungeon)
 N - a +2 cloak of stealth (worn)
   (You took it off a draconian monk on level 4 of the Depths)
 O - the +2 hat of Waaghead (worn) {Str+3}
   (You found it in a Gauntlet)

   Str+3:     It affects your strength (+3).
 W - the +0 pair of fencer's gloves (worn) {Riposte Dex+3}
   (You found it on level 5 of the Pits of Slime)

   Riposte:   It allows the wearer to riposte with melee weapons, swiftly
   retaliating against missed or blocked melee attacks.
   Dex+3:     It affects your dexterity (+3).
Jewellery
 b - a ring of protection from fire
   (You found it on level 1 of the Dungeon)
 o - an amulet of reflection (around neck)
   (You found it on level 2 of the Dungeon)
 r - a ring of flight
   (You found it on level 1 of the Lair of Beasts)
 s - the ring of Viuve (left hand) {rC+ rN+ Will++ EV+5}
   (You found it on level 5 of the Pits of Slime)

   [ring of evasion]

   EV+5:      It affects your evasion (+5).
   rC+:       It protects you from cold.
   rN+:       It protects you from negative energy.
   Will++:    It greatly increases your willpower.
 w - a +8 ring of evasion (right hand)
   (You bought it in a shop on level 1 of the Dungeon)
 Q - the ring of Shadows {Umbra +Inv Stlth+}
   (You found it on level 5 of the Pits of Slime)

   [ring of stealth]

   Umbra:     It surrounds you with an aura of shadow, increasing your stealth
   and reducing the accuracy of all others within it.
   +Inv:      It lets you turn invisible.
   Stlth+:    It makes you more stealthy.
Wands
 a - a wand of mindburst (21)
   (You found it on level 6 of the Dungeon)
 j - a wand of roots (22)
   (You found it on level 8 of the Dungeon)
 n - a wand of flame (44)
   (You found it on level 2 of the Dungeon)
 u - a wand of charming (18)
   (You found it on level 4 of the Dungeon)
 z - a wand of polymorph (32)
   (You took it off Natasha on level 3 of the Dungeon)
 G - a wand of quicksilver (20)
   (You found it on level 1 of the Lair of Beasts)
Scrolls
 d - 5 scrolls of teleportation {@r4}
 h - 2 scrolls of enchant weapon
 q - 3 scrolls of blinking {!r}
 y - 6 scrolls of identify {@r1}
 D - 2 scrolls of fear
 H - 3 scrolls of vulnerability {!r!r}
 I - a scroll of fog
 J - 2 scrolls of poison
Potions
 c - 6 potions of ambrosia
 e - 3 potions of magic
 f - 5 potions of attraction {!q}
 i - 2 potions of enlightenment
 k - 4 potions of cancellation
 m - 19 potions of curing {@q1}
 p - a potion of haste {@q3}
 v - a potion of invisibility
 x - a potion of might
 B - 5 potions of heal wounds {@q2}
 E - 4 potions of lignification {!q}
 V - a potion of mutation {!q}
Miscellaneous
 l - a lightning rod (4/4)
   (You found it on level 9 of the Dungeon)
 K - a box of beasts
   (You found it on level 5 of the Lair of Beasts)
 R - a tin of tremorstones (2/2) {throwing}
   (You found it in a Gauntlet)

Dungeon Overview and Level Annotations

Branches:
Dungeon (15/15)            Temple (0/1) D:7            Lair (5/5) D:10
  Swamp (4/4) Lair:2       Spider (4/4) Lair:2        Slime (5/5) Lair:4
    Orc (2/2) D:10            Elf (1/3) Orc:2        Vaults (1/5) D:13
 Depths (4/4) D:15            Zot (5/5) Depths:4    Gauntlet (visited)

Altars:
Ashenzari
Elyvilon
Fedhas
Gozag
Kikubaaqudgha
Nemelex Xobeh
Qazlal
Uskayaw
Wu Jian
Xom
The Shining One
Jiyva

Shops:
D:1 =   D:5 ((((   D:14 =*?   Orc:2 (=**[

Portals:
Trove: D:15 (give +5 ring of slaying)

Annotations:
D:6 2 transporters, t4s4d4r's ghost, novice OpFi
Slime:5 Royal Jelly
Zot:3 exclusion: door
Zot:5 3 runed translucent doors, Vanouxzi's ghost, master DsGl

#.#####.####...#.###########)# #.
.....##.# ##.##.# #.###.
#..#.##.# #..#.# #.##.. #....##.#
##.#.# #.##.# #.#####.# ###.#.#
#.##.# ........# #...### #.##.#
#.####### #.#.#.# #.##.# #.#
#.###.###########.##.# #.#
#.'..@..'..........#.# #.#
#######.###########..#.# #.#
#.............# #..#.# ..#
####.#####.#### #..#.. #.#
##.#####.## #..### #.#
#......)..# #..#
#.##############.######## ##..###
#.........'...........+.###.....#
#.#######.######.######.....)...#


There were no monsters in sight!


Message History

The orange demon completely misses you.
You hear a distant slurping noise.
You bludgeon the cacodemon!!
The cacodemon's magic leaks into the air.
Your kick misses the cacodemon. You headbutt the cacodemon.
The cacodemon barely misses you.
You riposte.
You hit the cacodemon.
The cacodemon's magic leaks into the air.
You claw the cacodemon, but do no damage.
You headbutt the cacodemon, but do no damage.
The cacodemon completely misses you.
You hear a distant slurping noise.
The orange demon closely misses you.
You hear a distant slurping noise.
You completely miss the cacodemon. Your kick misses the cacodemon.
Your headbutt misses the cacodemon.
You tail-slap the cacodemon, but do no damage.
You sock the cacodemon!
The cacodemon's magic leaks into the air.
You claw the cacodemon, but do no damage.
You headbutt the cacodemon, but do no damage.
You tail-slap the cacodemon, but do no damage.
You hear a distant slurping noise.
The cacodemon completely misses you.
You riposte.
You pound the cacodemon like an anvil!!!
You kill the cacodemon!
You block the orange demon's attack.
You hear a distant slurping noise.
The orange demon barely misses you. The orange demon completely misses you.
A Jacagition, a sun demon and a large abomination come into view.
Okay, then.
Unknown command.
Blink to where?
Press: ? - help, Dir - move target
As you read the scroll of blinking {!r}, it crumbles to dust.
You hear a distant slurping noise.
The large abomination moves out of view.
You feel yourself speed up.
You hear a distant slurping noise.
Okay, then.
Jacagition gestures.
You hear a distant slurping noise.
You hear a distant slurping noise.
You hear a distant slurping noise.
A reaper comes into view. It is wielding a +2 scythe of venom.
There is a stone staircase leading up here.
You hear a distant slurping noise.
You climb upwards.
There is a stone staircase leading down here.
What level of the Dungeon? (default 1, ? - help)
Your extra speed is starting to run out.
There is a stone staircase leading up here.
Things that are here:
a +0 robe; a +2 short sword of freezing {short} You climb upwards.
There is a stone staircase leading down here.
You hear a series of splatters.
You feel yourself slow down.
There is an open door here.
You hear a distant slurping noise.
You hear a distant slurping noise.
There is an open door here.
You hear a distant slurping noise.
You hear a distant slurping noise.
There is a stone staircase leading up here.
You climb upwards.
You hear a series of splatters.
There is a stone staircase leading down here.
You hear a distant slurping noise.
You see here a +0 ring mail.
You hear a distant slurping noise.
You hear a distant slurping noise.
You hear a slurping noise.
A reaper comes into view. It is wielding a +2 scythe of venom.
Unknown command.
You hear a distant slurping noise.
The reaper hits you from afar with a +2 scythe of venom!!
There is a stone staircase leading up, spattered with blood here. 😕 HP[-18]
You take 18 damage, and now have 195/213 hp.
The reaper hits you but does no damage.
You climb upwards.
There is a stone staircase leading down here. 😕 HP[+6]
You regained 6 hp, and now have 201/213 hp. 😕 HP[+2]
You regained 2 hp, and now have 203/213 hp.
There is a stone staircase leading up here. 😕 HP[+2]
You regained 2 hp, and now have 205/213 hp.
You climb upwards.
There is a stone staircase leading down here. 😕 HP[+5]
You regained 5 hp, and now have 210/213 hp.
You see here 5 stones {throwing}.
There is an open door here.
You see here a +0 mace {mace}.
There is a staircase leading out of the dungeon here. 😎 HP[+3]
Your hp is fully restored (213).
You have escaped!

Skill      XL: |  1  2  3  4  5  6  7  8  9 10 11 12 13 14 15 16 17 18 19 20 |
---------------+-------------------------------------------------------------+-----
Fighting       | 4 5 6 9 10 12 13 15 19 20 23 26 | 26.0
Maces & Flails | 2 4 6 8 10 12 15 17 18 20 | 20.0
Dodging        | 4 6 8 12 15 18 19 | 19.0
Evocations     | 4 8 |  8.0
Stealth        | 5 |  5.0
Long Blades    | |  3.0

Action                     |  1- 3 |  4- 6 |  7- 9 | 10-12 | 13-15 | 16-18 | 19-21 || total
---------------------------+-------+-------+-------+-------+-------+-------+-------++-------
  Melee: Falchion          |   136 |       |       |       |       |       |       ||   136
         Tailslap          |     7 |    19 |    46 |   110 |   287 |   487 |   162 ||  1118
         Punch             |     2 |     3 |     3 |       |       |       |       ||     8
         Morningstar       |       |    61 |       |       |       |       |       ||    61
         Whip              |       |    61 |   138 |       |       |       |       ||   199
         Unarmed           |       |     9 |       |       |       |       |       ||     9
         Dire flail        |       |       |   193 |   651 |  1391 |  1816 |       ||  4051
         Headbutt          |       |       |       |       |       |   255 |   228 ||   483
         Pseudopods        |       |       |       |       |       |   199 |    82 ||   281
         Great mace        |       |       |       |       |       |   143 |   546 ||   689
         Kick              |       |       |       |       |       |       |   208 ||   208
 Invoke: Berserk           |       |     3 |     4 |     3 |     5 |       |       ||    15
         Trog's Hand       |       |     1 |     1 |       |     5 |       |       ||     7
         Oozemancy         |       |       |       |       |       |       |     1 ||     1
Ability: Breathe Fire      |       |       |       |     3 |     1 |     7 |       ||    11
  Evoke: Wand              |       |       |     5 |     3 |     4 |    17 |     1 ||    30
         Box of beasts     |       |       |       |       |     2 |     3 |     2 ||     7
         Tin of tremorston |       |       |       |       |     2 |     2 |       ||     4
         Lightning rod     |       |       |       |       |       |    10 |       ||    10
    Use: Scroll            |       |       |    14 |     9 |     7 |    19 |     6 ||    55
         Potion            |       |       |     1 |       |       |     1 |     9 ||    11
   Stab: Sleeping          |     1 |     1 |     2 |     2 |     4 |    11 |     3 ||    24
         Petrifying        |       |       |       |       |     1 |       |       ||     1
         Distracted        |       |       |       |       |     1 |     4 |     1 ||     6
         Betrayed ally     |       |       |       |       |       |     1 |       ||     1
         Confused          |       |       |       |       |       |    17 |     5 ||    22
 Armour: Skin              |    35 |    49 |    87 |   159 |   210 |   405 |    53 ||   998
  Dodge: Dodged            |    88 |    99 |   128 |   366 |  1033 |  2547 |   523 ||  4784
  Block: Other             |     4 |    40 |    51 |   110 |   222 |   465 |    72 ||   964
         Reflection        |       |     2 |       |     1 |     6 |     9 |       ||    18
Riposte: Great mace        |       |       |       |       |       |    44 |   118 ||   162

Levels and vault maps discovered:
D:1:      shiori_shiawase, layout_loops_ring, basic_ecumenical_altar,
          nicolae_shop_unique_rings
D:2:      layout_basic, nrook_campfire
D:3:      minmay_chambers_of_twos, layout_rooms, hangedman_decor_lopped,
          uniq_sigmund, uniq_natasha
D:4:      layout_basic, grunt_temple_overflow_open, amcnicky_mini_pool_small
D:5:      layout_basic, kennysheep_mini, nicolae_wooded_promenade,
          uniq_crazy_yiuf_cottage, uniq_ijyb
D:6:      layout_basic, gammafunk_ghost_arena, st_stairs_4, interstate_on_off,
          minmay_misc_feat_rows, uniq_grinder
D:7:      minmay_polygon_palace, layout_rooms, nicolae_overflow_hidden_temple,
          mainiacjoe_overflow_catwalk, temple_pool_b, kennysheep_crisscross,
          roderic_batcave
D:8:      layout_basic, nemelex_altar_shiori, hangedman_decor_riveting
D:9:      layout_loops_cross, cheibrodos_ashenzari_chains, fountainhead
D:10:     layout_loops_cross, mainiacjoe_overflow_six_doors_small,
          fedhas_altar_3, lair_entry_dummy, orc_0_dummy
D:11:     layout_stronghold, kennysheep_generic_room_8, uniq_nergalle
D:12:     layout_roguey, uniq_erolcha
D:13:     layout_rooms, david_vaults_2, eino_tiny_chamber, uniq_josephine
D:14:     layout_roguey, gauntlet_entry_generic, serial_shops,
          nicolae_shop_advertising_works [nicolae_subvault_shop_adworks],
          shop_fountains, nicolae_shop_statue_plus, grunt_decor_resistance
D:15:     hangedman_depths_entry_civil_slaughter, layout_loops_corners,
          serial_bayou_pond_e, nicolae_trove_entry_crystal
Lair:1:   layout_gridlike, serial_bayou_shore_b, uniq_fannar
Lair:2:   layout_cave_pods, nicolae_swamp_entry_spooky, dummy_spider_entry
Lair:3:   layout_misc_corridors, serial_bayou_lagoon_b
Lair:4:   layout_regular_city, nicolae_slime_entry_field_trip
Lair:5:   evilmike_catoblepas_cave, layout_regular_city, grunt_megastairs_1
Swamp:1:  layout_basic_swamp, hangedman_swamp_ruin_hall, swamp_pool1
Swamp:2:  layout_basic_swamp, evilmike_swamp_ruin_rubble_2, swamp_pool5,
          nicolae_swamp_wisp_ring_woods
Swamp:3:  layout_falls_marsh, serial_swamp_ruin, evilmike_swamp_ruin_house_1,
          evilmike_swamp_ruin_house_5, evilmike_swamp_ruin_house_3
Swamp:4:  swamp_basic_johnstein, layout_basic_swamp, swamp_pool1,
          infiniplex_staircase_pool
Spider:1: layout_chambers, guppyfry_spider_mini_2
Spider:2: layout_spider_delve
Spider:3: layout_spider_delve
Spider:4: hellmonk_spider_rune_bug_friends, nicolae_spider_twisty_arc_passages
Slime:1:  layout_caves
Slime:2:  layout_caves
Slime:3:  layout_caves
Slime:4:  layout_caves
Slime:5:  slime_pit_nicolae_royal_road_to_ruin
Orc:1:    layout_caves
Orc:2:    st_orc_open, layout_caves, serial_shops, nicolae_shop_rolling_square
Elf:1:    minmay_elf_arrival_summoners, layout_loops_ring,
          hangedman_elven_crosses_minicolossus
Vaults:1: v_misc_9, v_misc_23, vaults_room_semicircle, v_misc_17,
          nicolae_vaults_house_2, vaults_room_fancy_cross,
          nicolae_vaults_double_plus_2, vaults_dpeg_ring,
          nicolae_vaults_house_1, v_misc_15, layout_vaults_omnigrid
Depths:1: layout_gridlike, hell_entry, doesnt_xom_only_xom, st_stairs_10,
          grunt_decor_one_mirror, small_chamber_with_monster,
          mumra_transporter_accident, chequers_jeans,
          chequers_serial_rivers_micro_a, nrook_mini_vaults,
          hangedman_decor_push, minivault_11, minmay_misc_feat_tiny,
          grunt_decor_mini_mirrors, dreamdust_wishing_well,
          yredelemnul_forgotten_temple_becter, uniq_norris, uniq_enchantress
Depths:2: lemuel_river_lethe, pan_entry, abyss_entry, hell_entry
Depths:3: minmay_shrinking_squares, layout_gridville, minmay_misc_feat_encased,
          abyss_entry_crystal, hellmouth_3, mu_enter_wizlab_4,
          minmay_door_square, uniq_xtahua
Depths:4: grunt_zot_entry_bicorn, layout_gridlike, corexii_leaking_fountain,
          hangedman_geh_valley, serial_shops, nicolae_shop_back_alley_shop,
          grunt_megastairs_5, minmay_shop_grove, serial_bayou_shore_b
Zot:1:    layout_twisted_circle, uniq_parghit
Zot:2:    layout_gridlike
Zot:3:    layout_gridlike
Zot:4:    layout_twisted_circle
Zot:5:    layout_basic, gammafunk_ghost_split

Notes
Turn   | Place    | Note
-------+----------+-------------------------------------------
     0 | D:1      | MackTheKnife the Draconian Berserker began the quest for
                  | the Orb.
     0 | D:1      | Reached XP level 1. HP: 19/19 MP: 1/1
     0 | D:1      | magus.rc [v1.9.6]
   117 | D:1      | Found a faded altar of an unknown god.
   209 | D:1      | Reached XP level 2. HP: 27/27 MP: 2/2
   246 | D:1      | Found Reown's One-of-a-Kind Rings.
   263 | D:1      | Reached skill level 4 in Fighting
   542 | D:1      | Reached XP level 3. HP: 29/34 MP: 3/3
   548 | D:1      | Reached ** piety under Trog
   937 | D:2      | Reached skill level 5 in Fighting
  1453 | D:3      | Reached XP level 4. HP: 37/42 MP: 4/4
  1520 | D:3      | You fall into a shaft and drop 2 floors!
  1520 | D:5      | Entered Level 5 of the Dungeon
  1542 | D:5      | Reached skill level 1 in Maces & Flails
  1611 | D:5      | Reached skill level 2 in Maces & Flails
  1624 | D:5      | Reached XP level 5. HP: 35/48 MP: 5/5
  1626 | D:5      | Reached skill level 3 in Maces & Flails
  1721 | D:5      | Noticed a phantom
  1732 | D:5      | Killed a phantom
  1733 | D:5      | Reached skill level 4 in Maces & Flails
  1929 | D:4      | Found a glowing golden altar of the Shining One.
  1929 | D:4      | Found a stormy altar of Qazlal.
  1938 | D:4      | Reached XP level 6. HP: 49/56 MP: 6/6
  2129 | D:3      | Noticed Natasha
  2142 | D:3      | Killed Natasha
  2143 | D:3      | Reached skill level 5 in Maces & Flails
  2179 | D:3      | Reached *** piety under Trog
  2215 | D:3      | Noticed Natasha
  2228 | D:3      | Killed Natasha
  2353 | D:3      | Noticed Natasha
  2383 | D:3      | Killed Natasha
  2513 | D:3      | Noticed Sigmund
  2521 | D:3      | Killed Sigmund
  2522 | D:3      | Reached skill level 6 in Maces & Flails
  2522 | D:3      | Your scales start taking on a fiery red colour.
  2522 | D:3      | Reached XP level 7. HP: 61/61 MP: 7/7
  2522 | D:3      | Gained mutation: Your flesh is heat resistant. (rF+) [Red
                  | Draconian growth]
  2988 | D:4      | Reached skill level 7 in Maces & Flails
  3395 | D:4      | You pick up a book of Touch {forbidden} and begin
                  | reading...
  3395 | D:4      | You add the spells Kiss of Death, Confusing Touch and
                  | Dispel Undead to your library.
  3532 | D:5      | Noticed a steam dragon
  3544 | D:5      | Killed a steam dragon
  3545 | D:5      | Reached skill level 8 in Maces & Flails
  3558 | D:5      | Noticed Ijyb
  3573 | D:4      | Killed Ijyb
  3574 | D:4      | Reached XP level 8. HP: 53/68 MP: 8/8
  3640 | D:5      | Found Huclutut's Weapon Shop.
  3642 | D:5      | Found Ilaciqem's Antique Weapon Boutique.
  3642 | D:5      | Found Edommun's Weapon Shoppe.
  3644 | D:5      | Found Walusom's Antique Weapon Shop.
  3654 | D:5      | Bought an ichor-stained falchion for 232 gold pieces
  3654 | D:5      | Identified the +2 falchion of Crystal {antimagic, *Corrode
                  | rElec rF++ Stlth+} (You bought it in a shop on level 5 of
                  | the Dungeon)
  3744 | D:5      | You pick up a book of Conjurations {forbidden@e2} and begin
                  | reading...
  3744 | D:5      | You add the spells Magic Dart, Searing Ray and Fulminant
                  | Prism to your library.
  3840 | D:5      | Gained mutation: Your spells are a little harder to cast,
                  | but a little more powerful. [potion of mutation]
  3840 | D:5      | Gained mutation: Your system is resistant to poisons.
                  | (rPois) [potion of mutation]
  3840 | D:5      | Gained mutation: You have supernaturally acute eyesight.
                  | (SInv) [potion of mutation]
  3943 | D:5      | Reached skill level 9 in Maces & Flails
  4072 | D:5      | Found an opulent altar of Gozag.
  4182 | D:5      | Found a runed translucent door.
  4183 | D:5      | Noticed Crazy Yiuf
  4191 | D:5      | Killed Crazy Yiuf
  4288 | D:6      | Reached **** piety under Trog
  4418 | D:6      | Reached skill level 10 in Maces & Flails
  4451 | D:6      | Reached skill level 3 in Dodging
  4616 | D:6      | Reached skill level 6 in Fighting
  4741 | D:6      | Found a transporter.
  4741 | D:6      | Noticed t4s4d4r's ghost (novice OpFi)
  4742 | D:6      | Noticed an unseen horror
  4755 | D:6      | Noticed Grinder
  4764 | D:6      | Killed Grinder
  4765 | D:6      | Reached skill level 4 in Dodging
  4765 | D:6      | Reached XP level 9. HP: 63/78 MP: 9/9
  4771 | D:6      | Reached skill level 7 in Fighting
  4851 | D:6      | Found a transporter.
  5127 | D:7      | Reached skill level 5 in Dodging
  5138 | D:7      | Found a hide-covered altar of Uskayaw.
  5161 | D:7      | Found a white marble altar of Elyvilon.
  5298 | D:7      | Reached skill level 8 in Fighting
  5301 | D:7      | Reached ***** piety under Trog
  5367 | D:7      | Reached skill level 6 in Dodging
  5652 | D:7      | Reached skill level 9 in Fighting
  5842 | D:7      | Found a staircase to the Ecumenical Temple.
  5962 | D:7      | Reached XP level 10. HP: 91/91 MP: 10/10
  6033 | D:7      | Found an ornate altar of the Wu Jian Council.
  6050 | D:8      | Reached skill level 7 in Dodging
  6218 | D:8      | Reached skill level 10 in Fighting
  6236 | D:8      | Noticed a two-headed ogre
  6243 | D:8      | Killed a two-headed ogre
  6244 | D:8      | Reached skill level 8 in Dodging
  6632 | D:8      | Found a sparkling altar of Nemelex Xobeh.
  6930 | D:8      | Reached skill level 11 in Maces & Flails
  7405 | D:9      | Found a broken altar of Ashenzari.
  7630 | D:9      | Reached skill level 12 in Maces & Flails
  7846 | D:9      | Reached XP level 11. HP: 89/99 MP: 11/11
  8215 | D:10     | Entered Level 10 of the Dungeon
  8239 | D:10     | You pick up a book of Conjurations {forbidden@e2} and begin
                  | reading...
  8319 | D:10     | Found a staircase to the Orcish Mines.
  8336 | D:10     | Found a staircase to the Lair.
  8395 | D:10     | Found a blossoming altar of Fedhas.
  8752 | D:10     | Reached skill level 13 in Maces & Flails
  8774 | D:10     | Received a gift from Trog
  8785 | D:10     | F - a +2 antimagic executioner's axe {axerare=g}
  8976 | D:10     | Found an ancient bone altar of Kikubaaqudgha.
  9072 | Orc:1    | Entered Level 1 of the Orcish Mines
  9215 | Orc:2    | Entered Level 2 of the Orcish Mines
  9219 | Orc:2    | Noticed an orc sorcerer
  9221 | Orc:2    | Noticed an orc high priest
  9262 | Lair:1   | Entered Level 1 of the Lair of Beasts
  9262 | Lair:1   | Noticed Fannar
  9274 | Lair:1   | Killed Fannar
  9636 | Lair:1   | You add the spells Sublimation of Blood and Infestation to
                  | your library.
  9636 | Lair:1   | Got the Quarto of Debased Spells {forbidden}
  9743 | Lair:1   | Reached skill level 14 in Maces & Flails
 10568 | Lair:2   | Found a hole to the Spider Nest.
 10597 | Lair:2   | Identified the +7 trident of the Sky {heavy, rF++}
 10866 | Lair:2   | Reached skill level 15 in Maces & Flails
 11059 | Lair:2   | Found a staircase to the Swamp.
 11059 | Lair:2   | Noticed a ghost crab
 11068 | Lair:2   | Killed a ghost crab
 11439 | Lair:3   | Reached XP level 12. HP: 90/106 MP: 12/12
 11736 | Lair:3   | Reached skill level 16 in Maces & Flails
 12095 | Lair:3   | Received a gift from Trog
 12098 | Lair:3   | K - a +1 antimagic triple sword {longrare=g}
 12353 | Lair:3   | You drop a +1 antimagic triple sword {longrare=g}.
 12395 | Lair:4   | Reached skill level 17 in Maces & Flails
 12529 | Lair:4   | Noticed a catoblepas
 12540 | Lair:4   | Killed a catoblepas
 12707 | Lair:4   | Reached skill level 11 in Fighting
 12951 | Lair:4   | Reached skill level 12 in Fighting
 13009 | Lair:4   | Found a staircase to the Slime Pits.
 13009 | Lair:4   | Found a viscous altar of Jiyva.
 13584 | Lair:4   | You pick up a book of Blasting {forbidden} and begin
                  | reading...
 13584 | Lair:4   | You add the spells Volatile Blastmotes and Iskenderun's
                  | Mystic Blast to your library.
 13938 | D:1      | Bought a +8 ring of evasion for 936 gold pieces
 14158 | Lair:5   | Entered Level 5 of the Lair of Beasts
 14171 | Lair:5   | Noticed a death yak
 14180 | Lair:5   | Killed a death yak
 14181 | Lair:5   | Reached XP level 13. HP: 92/119 MP: 13/13
 14323 | Lair:5   | Reached skill level 13 in Fighting
 14579 | Lair:5   | Reached skill level 9 in Dodging
 14743 | Lair:5   | You pick up a book of Winter {forbidden} and begin
                  | reading...
 14743 | Lair:5   | You add the spells Ozocubu's Armour, Metabolic Englaciation
                  | and Simulacrum to your library.
 15000 | Lair:5   | Reached skill level 10 in Dodging
 15564 | Lair:5   | Reached skill level 11 in Dodging
 16170 | Orc:1    | Reached skill level 12 in Dodging
 16190 | Orc:1    | Reached skill level 1 in Evocations
 16297 | Orc:2    | Reached skill level 2 in Evocations
 16469 | Orc:2    | Received a gift from Trog
 16486 | Orc:2    | Reached skill level 3 in Evocations
 16715 | Orc:2    | Reached skill level 4 in Evocations
 16956 | Orc:2    | Reached XP level 14. HP: 123/129 MP: 14/14
 16970 | Orc:2    | Reached skill level 5 in Evocations
 17013 | Orc:2    | Reached skill level 6 in Evocations
 17169 | Orc:2    | Reached skill level 7 in Evocations
 17324 | Orc:2    | Found Moeph's Jewellery Boutique.
 17332 | Orc:2    | Found Esaopo's Assorted Antiques.
 17347 | Orc:2    | Found a staircase to the Elven Halls.
 17380 | Orc:2    | Found Uzyshy's General Store.
 17381 | Orc:2    | Found Lux Lopt's Armour Shop.
 17402 | Orc:2    | Reached skill level 8 in Evocations
 17781 | Orc:2    | Found Pitabuudi's Antique Weapon Shop.
 17788 | Orc:2    | Bought a fine war axe for 263 gold pieces
 17788 | Orc:2    | Identified the +2 war axe "Beixzivo" {venom, Str+3 Int+2}
                  | (You bought it in a shop on level 2 of the Orcish Mines)
 17950 | Orc:2    | Reached ****** piety under Trog
 18307 | Orc:2    | Reached skill level 14 in Fighting
 18345 | Orc:1    | Paralysed by an orc sorcerer for 3 turns
 18876 | D:11     | Noticed Nergalle
 18883 | D:11     | Killed Nergalle
 19928 | D:12     | Noticed Erolcha
 19939 | D:12     | Killed Erolcha
 19970 | D:12     | Reached skill level 15 in Fighting
 19998 | D:12     | Reached skill level 1 in Stealth
 20038 | D:12     | Received a gift from Trog
 20039 | D:12     | Reached skill level 2 in Stealth
 20252 | D:12     | Reached skill level 3 in Stealth
 20492 | D:13     | Reached skill level 4 in Stealth
 20510 | D:13     | You pick up a book of Armaments {forbidden} and begin
                  | reading...
 20510 | D:13     | You add the spells Stone Arrow and Lehudib's Crystal Spear
                  | to your library.
 20574 | D:13     | Noticed Josephine
 20595 | D:13     | Killed Josephine
 20623 | D:13     | Reached skill level 5 in Stealth
 21004 | D:13     | Found a gate to the Vaults.
 21250 | D:14     | Reached XP level 15. HP: 137/141 MP: 15/15
 21250 | D:14     | Found Roismasch's Magic Scroll Shoppe.
 21258 | D:14     | Bought a scroll of enchant armour for 120 gold pieces
 21258 | D:14     | Bought a scroll of enchant weapon for 120 gold pieces
 21268 | D:14     | Found Funal's Jewellery Emporium.
 21350 | D:14     | Reached skill level 13 in Dodging
 21435 | D:14     | Found a gate leading to a gauntlet.
 21480 | Gauntlet | Entered a Gauntlet
 21480 | Gauntlet | Found a transporter.
 21480 | Gauntlet | Found a transporter.
 21489 | Gauntlet | Found a transporter.
 21492 | Gauntlet | Found a transporter.
 21500 | Gauntlet | Found a transporter.
 21504 | Gauntlet | Found a transporter.
 21512 | Gauntlet | Found a transporter.
 21529 | Gauntlet | Found a transporter.
 21543 | Gauntlet | Found a transporter.
 21547 | Gauntlet | Found a transporter.
 21555 | Gauntlet | Found a transporter.
 21559 | Gauntlet | Found a transporter.
 21799 | Gauntlet | Identified the +2 hat of Waaghead {Str+3}
 21816 | Gauntlet | Identified the +1 broad axe of Corruption {pain, rPois rC+
                  | rCorr Int+3}
 21863 | Gauntlet | Identified the +3 buckler "Wielisamu" {rN+ Will++ Str-2}
 22090 | D:14     | Found Jaimeeph's Assorted Antiques.
 22288 | D:15     | Entered Level 15 of the Dungeon
 22302 | D:15     | Reached skill level 14 in Dodging
 22306 | D:15     | Received a gift from Trog
 22607 | D:15     | Found a portal to a secret trove of treasure.
 22865 | D:15     | Reached skill level 15 in Dodging
 22989 | D:15     | Found a staircase to the Depths.
 24101 | Depths:1 | Entered Level 1 of the Depths
 24291 | D:15     | magus.rc [v1.9.6]
 24504 | Lair:4   | Fell from the grace of Trog
 24504 | Lair:4   | Became a worshipper of Jiyva Jummaebb the Shapeless
 24673 | Elf:1    | Entered Level 1 of the Elven Halls
 24831 | Elf:1    | Reached XP level 16. HP: 98/149 MP: 16/16
 25297 | Swamp:1  | Entered Level 1 of the Swamp
 25791 | Spider:1 | Entered Level 1 of the Spider Nest
 25908 | Spider:1 | Reached skill level 16 in Fighting
 25914 | Spider:1 | Gained mutation: You are occasionally teleported next to
                  | monsters. [mutagenic glow]
 26333 | Spider:1 | Reached * piety under Jiyva
 26404 | Spider:1 | Reached skill level 18 in Maces & Flails
 26488 | Spider:1 | HP: 24/151 [iron troll[the rage of Trog] (17)]
 26981 | Spider:1 | Reached ** piety under Jiyva
 27792 | Spider:2 | Reached skill level 17 in Fighting
 27899 | Spider:2 | Paralysed by Trog for 2 turns
 28930 | Spider:3 | Reached *** piety under Jiyva
 29065 | Spider:3 | Reached skill level 18 in Fighting
 29214 | Spider:3 | Gained mutation: You are covered in slimy tendrils that may
                  | disarm your opponents. [Jiyva's grace]
 29214 | Spider:3 | Gained mutation: You possess an exceptional clarity of
                  | mind. [Jiyva's grace]
 29214 | Spider:3 | Gained mutation: You have a small jelly attached to you
                  | that may absorb projectiles. [Jiyva's grace]
 29214 | Spider:3 | Gained mutation: Your large and strong wings let you fly.
                  | [Jiyva's grace]
 29591 | Spider:3 | Paralysed by Trog for 5 turns
 29752 | Spider:3 | Reached skill level 19 in Fighting
 29929 | Spider:4 | Entered Level 4 of the Spider Nest
 30050 | Spider:4 | Reached XP level 17. HP: 150/168 MP: 17/17
 30099 | Spider:4 | Reached skill level 16 in Dodging
 30476 | Spider:4 | Reached **** piety under Jiyva
 30719 | Spider:4 | Identified the +1 robe "Elus" {Will+}
 30888 | Spider:4 | Identified the +1 pair of boots of the Present {Harm rC-
                  | Dex+8}
 30892 | Spider:4 | Got a gossamer rune of Zot
 31017 | Spider:4 | Paralysed by Trog for 6 turns
 31252 | Spider:4 | Reached skill level 17 in Dodging
 32558 | Swamp:2  | Lost mutation: You possess an exceptional clarity of mind.
                  | [Jiyva's grace]
 32558 | Swamp:2  | Lost mutation: You are occasionally teleported next to
                  | monsters. [Jiyva's grace]
 32558 | Swamp:2  | Gained mutation: You have a pair of small horns on your
                  | head. [Jiyva's grace]
 32558 | Swamp:2  | Gained mutation: You have a pair of horns on your head.
                  | [Jiyva's grace]
 32558 | Swamp:2  | Gained mutation: You have a pair of large horns on your
                  | head. [Jiyva's grace]
 32558 | Swamp:2  | Gained mutation: Armour fits poorly on your pseudopods.
                  | [Jiyva's grace]
 32682 | Swamp:2  | Reached skill level 18 in Dodging
 32702 | Swamp:2  | Reached ***** piety under Jiyva
 32831 | Swamp:3  | HP: 38/168 [deep troll[the rage of Trog] (17)]
 33247 | Swamp:3  | Was forgiven by Trog
 33663 | Swamp:4  | Entered Level 4 of the Swamp
 33725 | Swamp:4  | Reached XP level 18. HP: 157/176 MP: 18/18
 33769 | Swamp:4  | Reached skill level 19 in Dodging
 33900 | Swamp:4  | Got a decaying rune of Zot
 34603 | Vaults:1 | Entered Level 1 of the Vaults
 34658 | Vaults:1 | Reached skill level 19 in Maces & Flails
 34844 | Vaults:1 | Lost mutation: You have a small jelly attached to you that
                  | may absorb projectiles. [Jiyva's grace]
 34844 | Vaults:1 | Gained mutation: Your body has grown eyes which may confuse
                  | attackers. (Acc +3) [Jiyva's grace]
 34844 | Vaults:1 | Gained mutation: Your body has grown many eyes which may
                  | confuse attackers. (Acc +5) [Jiyva's grace]
 34844 | Vaults:1 | Gained mutation: Your body is covered in eyes which may
                  | confuse attackers. (Acc +7, SInv) [Jiyva's grace]
 34844 | Vaults:1 | Gained mutation: Your melee attacks may engulf your foes in
                  | ooze. [Jiyva's grace]
 35485 | Vaults:1 | Reached ****** piety under Jiyva
 35892 | Slime:1  | Entered Level 1 of the Pits of Slime
 36113 | Slime:5  | Entered Level 5 of the Pits of Slime
 36204 | Slime:5  | Noticed the Royal Jelly
 36246 | Slime:5  | Found a viscous altar of Jiyva.
 36251 | Slime:5  | Found the ring of Shadows {Umbra +Inv Stlth+}
 36255 | Slime:5  | Found the +0 pair of fencer's gloves {Riposte Dex+3}
 36276 | Slime:5  | You add the spells Sandblast, Freeze, Frozen Ramparts and
                  | Summon Ice Beast to your library.
 36276 | Slime:5  | Got the Lectures on the Leaden Snowflakes
 36278 | Slime:5  | Got a slimy rune of Zot
 36280 | Slime:5  | Identified the ring of Viuve {rC+ rN+ Will++ EV+5}
 36288 | Slime:5  | Identified the staff "Grim Tooth" {rF+ Will+ Int+3 Stlth+
                  | Summ Fire}
 36295 | Slime:5  | You add the spells Sticky Flame and Orb of Destruction to
                  | your library.
 36295 | Slime:5  | Got the Volume of Forces
 36297 | Slime:5  | Identified the +11 plate armour of Action {rC++}
 36309 | Slime:5  | Identified the ring "Oshraonoac" {rPois rC- Int+6 Dex+4}
 36592 | Vaults:1 | magus.rc [v1.9.6]
 36735 | Depths:1 | Found a hide-covered altar of Uskayaw.
 36737 | Depths:1 | Found a sacrificial altar of Ru.
 36737 | Depths:1 | Found a glowing golden altar of the Shining One.
 36746 | Depths:1 | Found a shimmering altar of Xom.
 36746 | Depths:1 | Found a hide-covered altar of Uskayaw.
 36746 | Depths:1 | Found a hide-covered altar of Uskayaw.
 36817 | Depths:1 | Reached skill level 20 in Maces & Flails
 36837 | Depths:1 | magus.rc [v1.9.6]
 37080 | Depths:4 | Entered Level 4 of the Depths
 37114 | Depths:4 | Noticed a caustic shrike
 37114 | Depths:4 | Noticed a caustic shrike
 37115 | Depths:4 | Noticed a caustic shrike
 37117 | Depths:4 | Killed a caustic shrike
 37118 | Depths:4 | Killed a caustic shrike
 37119 | Depths:4 | Reached skill level 20 in Fighting
 37120 | Depths:4 | Killed a caustic shrike
 37172 | Depths:4 | Reached XP level 19. HP: 121/187 MP: 6/19
 37214 | Depths:4 | Noticed a golden dragon
 37244 | Depths:4 | Killed a golden dragon
 37262 | Depths:4 | Reached skill level 21 in Fighting
 37300 | Depths:4 | Found a gate to the Realm of Zot.
 37370 | Zot:1    | Entered Level 1 of the Realm of Zot
 37484 | Zot:2    | Noticed a curse toe
 37532 | Zot:2    | Killed a curse toe
 37551 | Zot:3    | Noticed a golden dragon
 37556 | Zot:3    | Killed a golden dragon
 37596 | Zot:4    | Reached skill level 22 in Fighting
 37635 | Zot:4    | +0 shadow dragon scales {rare}; a shadow dragon corpse
 37648 | Zot:5    | Entered Level 5 of the Realm of Zot
 37648 | Zot:5    | Found a runed translucent gate.
 37648 | Zot:5    | Found a runed translucent gate.
 37649 | Zot:5    | Noticed Vanouxzi's ghost (master DsGl)
 37910 | Zot:3    | Noticed a Killer Klown
 37933 | Zot:3    | Lost mutation: You have a pair of large horns on your head.
                  | [Jiyva's grace]
 37933 | Zot:3    | Lost mutation: You have supernaturally acute eyesight.
                  | (SInv) [Jiyva's grace]
 37933 | Zot:3    | Lost mutation: Your system is resistant to poisons. (rPois)
                  | [Jiyva's grace]
 37933 | Zot:3    | Lost mutation: Your spells are a little harder to cast, but
                  | a little more powerful. [Jiyva's grace]
 37933 | Zot:3    | Lost mutation: Your body is covered in eyes which may
                  | confuse attackers. (Acc +7, SInv) [Jiyva's grace]
 37933 | Zot:3    | Lost mutation: Your body has grown many eyes which may
                  | confuse attackers. (Acc +5) [Jiyva's grace]
 37933 | Zot:3    | Lost mutation: Armour fits poorly on your pseudopods.
                  | [Jiyva's grace]
 37933 | Zot:3    | Lost mutation: Your melee attacks may engulf your foes in
                  | ooze. [Jiyva's grace]
 37933 | Zot:3    | Gained mutation: Your system is resistant to poisons.
                  | (rPois) [Jiyva's grace]
 37933 | Zot:3    | Gained mutation: You have sharp toenails. [Jiyva's grace]
 37933 | Zot:3    | Gained mutation: You have razor-sharp toenails. [Jiyva's
                  | grace]
 37933 | Zot:3    | Gained mutation: You have claws for feet. [Jiyva's grace]
 37961 | Zot:3    | Killed a Killer Klown
 38017 | Zot:3    | Noticed an electric golem
 38025 | Zot:3    | Killed an electric golem
 38238 | Zot:4    | Reached skill level 23 in Fighting
 38486 | Zot:5    | Noticed an ancient lich
 38498 | Zot:5    | Killed an ancient lich
 38499 | Zot:5    | Reached XP level 20. HP: 185/206 MP: 6/20
 38505 | Zot:5    | Reached skill level 24 in Fighting
 38512 | Zot:5    | Noticed an orb of fire
 38512 | Zot:5    | Noticed a dread lich
 38512 | Zot:5    | Noticed an orb of fire
 38518 | Zot:5    | Gained mutation: Potions are less effective at restoring
                  | your health. [an orb of fire]
 38527 | Zot:5    | Gained mutation: You occasionally lose the ability to drink
                  | potions when taking damage. [an orb of fire]
 38528 | Zot:5    | Noticed an electric golem
 38530 | Zot:5    | Noticed a Killer Klown
 38531 | Zot:5    | Killed an orb of fire
 38531 | Zot:5    | Noticed a dread lich
 38542 | Zot:5    | HP: 31/206 [orb of fire/fireball (23)]
 38598 | Zot:4    | +0 storm dragon scales {rare}; a storm dragon skeleton
 38608 | Zot:4    | Lost mutation: Your body has grown eyes which may confuse
                  | attackers. (Acc +3) [potion of mutation]
 38608 | Zot:4    | Lost mutation: You are covered in slimy tendrils that may
                  | disarm your opponents. [potion of mutation]
 38608 | Zot:4    | Lost mutation: Your large and strong wings let you fly.
                  | [potion of mutation]
 38608 | Zot:4    | Lost mutation: You occasionally lose the ability to drink
                  | potions when taking damage. [potion of mutation]
 38635 | Zot:5    | Lost mutation: Potions are less effective at restoring your
                  | health. [an orb of fire]
 38650 | Zot:5    | Killed an orb of fire
 38665 | Zot:5    | Killed a Killer Klown
 38824 | Zot:5    | Found a runed translucent gate.
 38872 | Zot:5    | Killed a dread lich
 38876 | Zot:5    | Killed a dread lich
 38879 | Zot:5    | Noticed a golden dragon
 38889 | Zot:5    | Killed a golden dragon
 38889 | Zot:5    | Identified +0 gold dragon scales
 38890 | Zot:5    | Reached skill level 25 in Fighting
 38891 | Zot:5    | +0 gold dragon scales {rare}; a golden dragon corpse
 38900 | Zot:5    | Noticed an orb of fire
 38902 | Zot:5    | Gained mutation: You sometimes lose your temper in combat.
                  | [an orb of fire]
 38917 | Zot:5    | Killed an orb of fire
 38923 | Zot:5    | Killed an electric golem
 39086 | Zot:5    | Got the Orb of Zot
 39366 | D:15     | Noticed Garycsag the pandemonium lord
 39515 | D:6      | Reached skill level 26 in Fighting
 39523 | D:6      | Noticed Jacagition the pandemonium lord
 39659 | D:$      | Escaped with the Orb!

Vanquished Creatures
  2 dread liches (Zot:5)
  An ancient lich (Zot:5)
  3 orbs of fire (Zot:5)
  2 Killer Klowns
  A curse toe (Zot:2)
  3 caustic shrikes (Depths:4)
  3 golden dragons
  2 electric golems
  5 tentacled monstrosities
  23 Orb Guardians
  2 quicksilver dragons
  A titan (Depths:4)
  3 death cobs (Zot:4)
  A shadow dragon (Zot:4)
  5 storm dragons
  A draconian monk (Depths:4)
  3 draconian knights
  2 fire giants (Depths:4)
  3 emperor scorpions
  2 fenstrider witches
  2 draconian scorchers
  2 frost giants
  2 vault wardens (Vaults:1)
  6 ghost moths
  3 draconian shifters
  3 draconian stormcallers
  2 cacodemons
  7 very ugly things (Depths:1)
  A broodmother (Spider:2)
  An ironbound thunderhulk (Vaults:1)
  2 spriggan defenders (Depths:4)
  5 eleionomae
  2 black draconians (Zot:4)
  6 stone giants
  A spectral titan (Depths:2)
  A minotaur (Gauntlet)
  9 white draconians
  5 green draconians
  2 red draconians
  3 spark wasps
  3 purple draconians
  6 bunyips
  3 yellow draconians
  2 spectral golden dragons (Depths:2)
  3 ettins
  Josephine (D:13)
  6 entropy weavers
  4 yaktaur captains (Vaults:1)
  2 ice dragons (Depths:4)
  17 hydras
  Fannar (Lair:1)
  A jorogumo (Spider:3)
  A rakshasa (Depths:1)
  4 ogre magi
  4 ghost crabs
  Erolcha (D:12)
  A caustic shrike simulacrum (Depths:2)
  2 spriggan air magi (Depths:1)
  7 catoblepae
  3 boulder beetles
  9 centaur warriors
  3 radroaches
  2 spectral frost giants (Depths:2)
  9 alligators
  A death knight (D:15)
  A dancing weapon (Elf:1)
  22 two-headed ogres
  6 death yaks (Lair:5)
  2 deep troll shamans (Depths:4)
  5 tengu warriors
  4 spriggan berserkers
  2 orc high priests
  6 demonic crawlers
  Nergalle (D:11)
  A deep elf knight (Elf:1)
  6 iron trolls
  4 sixfirhies
  A salamander mystic (Depths:1)
  8 pharaoh ants
  3 skysharks
  2 spectral spark wasps (Depths:2)
  4 spriggan druids
  5 goliath frogs
  2 sun moths (Spider:4)
  2 orb spiders (Spider:3)
  12 deep trolls
  2 wizards (D:15)
  11 swamp dragons
  6 bog bodies
  An ironbound convoker (Vaults:1)
  A deep elf archer (Elf:1)
  4 deep elf pyromancers
  5 harpies (Vaults:1)
  3 lindwurms
  A phantasmal warrior (D:15)
  A necromancer (D:15)
  4 orc knights
  10 steelbarb worms
  28 ugly things
  7 deep elf zephyrmancers
  8 will-o-the-wisps
  2 wolf spiders (shapeshifter)
  4 orc sorcerers
  5 manticores
  A salamander (shapeshifter) (D:14)
  16 wolf spiders
  2 salamanders (Depths:1)
  7 cyclopes
  4 black mambas
  13 moths of wrath
  A rust devil (Zot:1)
  5 elephants (Lair:5)
  A vault sentinel (Vaults:1)
  A gargoyle (D:12)
  5 torpor snails
  A hellion (Depths:4)
  12 cane toads
  2 rime drakes
  An unseen horror (D:12)
  6 komodo dragons
  13 yaktaurs (Vaults:1)
  A tengu conjurer (D:15)
  A freezing wraith (D:15)
  A spectral human (Depths:2)
  A spectral skyshark (Lair:2)
  An efreet (D:14)
  16 polar bears
  10 meliai
  11 tyrant leeches
  20 trolls
  17 tarantellas
  Grinder (D:6)
  17 hornets
  8 dream sheep
  19 blink frogs
  A spectral black mamba (Lair:2)
  15 culicivoras
  12 slime creatures
  A vampire (D:13)
  Sigmund (D:3)
  A centaur simulacrum (D:15)
  25 jumping spiders
  6 wraiths
  18 spriggans
  3 wyverns
  2 shadows
  34 yaks
  A basilisk (D:12)
  2 steam dragons
  60 redbacks
  9 vampire mosquitoes
  2 wargs (Orc:2)
  A harpy simulacrum (D:15)
  4 acid dragons
  19 swamp worms
  14 water moccasins
  A meliai simulacrum (D:15)
  13 black bears
  7 swamp drakes
  25 orc warriors
  3 ice beasts
  3 sky beasts (D:7)
  35 ogres
  4 centaurs
  3 wolves (Lair:3)
  3 phantoms
  3 kobold brigands
  2 gnoll sergeants
  11 bullfrogs
  4 scorpions
  18 wights
  20 killer bees
  9 howler monkeys
  9 hounds
  8 jellies
  18 orc priests
  4 sleepcaps
  3 gnoll boudas
  Natasha (thrice) (D:3)
  Crazy Yiuf (D:5)
  7 iguanas
  Ijyb (D:4)
  19 orc wizards
  17 gnolls
  4 adders
  A shadow imp (D:7)
  6 white imps
  4 ufetubi
  2 worms
  3 dart slugs
  80 orcs
  9 endoplasms
  3 giant cockroaches
  7 goblins
  9 hobgoblins
  6 jackals
  15 kobolds
  5 quokkas
  12 ball pythons
  9 bats
  A frilled lizard (D:1)
  5 rats
1312 creatures vanquished.

Vanquished Creatures (collateral kills)
  A pharaoh ant (Spider:2)
  A deep elf zephyrmancer (Elf:1)
  2 orb spiders (Spider:3)
  A molten gargoyle (Gauntlet)
  A gargoyle (Gauntlet)
  2 yaktaurs (Vaults:1)
  An orc wizard (Orc:2)
  2 orcs (Orc:2)
11 creatures vanquished.

Vanquished Creatures (others)
  An eldritch tentacle (Zot:4)
  A draconian monk (Zot:5)
  A two-headed ogre (D:13)
  A deep troll (D:15)
  A swamp dragon (Swamp:4)
  A wolf spider (Spider:4)
  A hornet (Swamp:4)
  A polar bear (Swamp:3)
  A troll (D:8)
  2 tarantellas (Spider:2)
  A jumping spider (Spider:3)
  A culicivora (Spider:2)
  2 spriggans
  A redback (Spider:2)
  A centaur (D:6)
  110 jellies
  18 foxfires
145 creatures vanquished.

Grand Total: 1468 creatures vanquished

Table legend:
 A = Non-vault XP
 B = Vault XP
 C = Vault XP percentage of total XP
 D = Non-vault monster count
 E = Vault monster count
 F = Vault count percentage of total count
                 A         B        C        D         E       F
            +---------+---------+-------+---------+---------+-------
      Total |  354754 |  189368 |  34.8 |     987 |     268 |  21.4
            +---------+---------+-------+---------+---------+-------
        D:1 |      56 |       0 |   0.0 |      30 |       0 |   0.0
        D:2 |      30 |       0 |   0.0 |       9 |       0 |   0.0
        D:3 |     151 |     281 |  65.0 |      19 |      10 |  34.5
        D:4 |     482 |      36 |   6.9 |      29 |       1 |   3.3
        D:5 |     772 |      37 |   4.6 |      16 |       1 |   5.9
        D:6 |    1310 |     281 |  17.7 |      37 |       1 |   2.6
        D:7 |    1056 |    1122 |  51.5 |      19 |      23 |  54.8
        D:8 |    3939 |      35 |   0.9 |      34 |       1 |   2.9
        D:9 |    2379 |       0 |   0.0 |      32 |       0 |   0.0
       D:10 |    1392 |       0 |   0.0 |      21 |       0 |   0.0
       D:11 |    4584 |     775 |  14.5 |      18 |       1 |   5.3
       D:12 |    4973 |     851 |  14.6 |      23 |       1 |   4.2
       D:13 |    4440 |    4058 |  47.8 |      11 |       7 |  38.9
       D:14 |   13921 |       0 |   0.0 |      27 |       0 |   0.0
       D:15 |   21203 |    4003 |  15.9 |      43 |       6 |  12.2
     Lair:1 |    2419 |     870 |  26.5 |      13 |       1 |   7.1
     Lair:2 |    4151 |    1430 |  25.6 |      16 |       3 |  15.8
     Lair:3 |    6731 |       0 |   0.0 |      25 |       0 |   0.0
     Lair:4 |    8020 |     213 |   2.6 |      25 |       5 |  16.7
     Lair:5 |    9257 |   11247 |  54.9 |      25 |      25 |  50.0
    Swamp:1 |   13108 |       0 |   0.0 |      27 |       0 |   0.0
    Swamp:2 |   15259 |    2092 |  12.1 |      31 |       4 |  11.4
    Swamp:3 |   12738 |       0 |   0.0 |      25 |       0 |   0.0
    Swamp:4 |   12634 |   19479 |  60.7 |      29 |      30 |  50.8
   Spider:1 |    8495 |    1434 |  14.4 |      26 |       7 |  21.2
   Spider:2 |   19731 |       0 |   0.0 |      53 |       0 |   0.0
   Spider:3 |   18920 |       0 |   0.0 |      44 |       0 |   0.0
   Spider:4 |   19151 |   16513 |  46.3 |      49 |      24 |  32.9
      Orc:1 |    4896 |       0 |   0.0 |      32 |       0 |   0.0
      Orc:2 |    6501 |   16675 |  71.9 |      67 |      40 |  37.4
      Elf:1 |    5286 |    1222 |  18.8 |       8 |       2 |  20.0
   Vaults:1 |   13857 |    6765 |  32.8 |      23 |      11 |  32.4
   Depths:1 |   17951 |    2466 |  12.1 |      20 |       3 |  13.0
   Depths:2 |       0 |    7777 | 100.0 |       0 |      10 | 100.0
   Depths:4 |   21896 |   17544 |  44.5 |      20 |      14 |  41.2
      Zot:1 |    7065 |       0 |   0.0 |       7 |       0 |   0.0
      Zot:2 |    5756 |       0 |   0.0 |       4 |       0 |   0.0
      Zot:3 |   19448 |       0 |   0.0 |      15 |       0 |   0.0
      Zot:4 |   24683 |       0 |   0.0 |      21 |       0 |   0.0
      Zot:5 |   16113 |   68164 |  80.9 |      14 |      28 |  66.7
   Gauntlet |       0 |    3998 | 100.0 |       0 |       9 | 100.0
            +---------+---------+-------+---------+---------+-------

Skill      XL: |  1  2  3  4  5  6  7  8  9 10 11 12 13 14 15 16 17 18 19 20 |
---------------+-------------------------------------------------------------+-----
Fighting       | 4 5 6 9 10 12 13 15 19 20 23 26 | 26.0
Maces & Flails | 2 4 6 8 10 12 15 17 18 20 | 20.0
Dodging        | 4 6 8 12 15 18 19 | 19.0
Evocations     | 4 8 |  8.0
Stealth        | 5 |  5.0
Long Blades    | |  3.0

Action                     |  1- 3 |  4- 6 |  7- 9 | 10-12 | 13-15 | 16-18 | 19-21 || total
---------------------------+-------+-------+-------+-------+-------+-------+-------++-------
  Melee: Falchion          |   136 |       |       |       |       |       |       ||   136
         Tailslap          |     7 |    19 |    46 |   110 |   287 |   487 |   162 ||  1118
         Punch             |     2 |     3 |     3 |       |       |       |       ||     8
         Morningstar       |       |    61 |       |       |       |       |       ||    61
         Whip              |       |    61 |   138 |       |       |       |       ||   199
         Unarmed           |       |     9 |       |       |       |       |       ||     9
         Dire flail        |       |       |   193 |   651 |  1391 |  1816 |       ||  4051
         Headbutt          |       |       |       |       |       |   255 |   228 ||   483
         Pseudopods        |       |       |       |       |       |   199 |    82 ||   281
         Great mace        |       |       |       |       |       |   143 |   546 ||   689
         Kick              |       |       |       |       |       |       |   208 ||   208
 Invoke: Berserk           |       |     3 |     4 |     3 |     5 |       |       ||    15
         Trog's Hand       |       |     1 |     1 |       |     5 |       |       ||     7
         Oozemancy         |       |       |       |       |       |       |     1 ||     1
Ability: Breathe Fire      |       |       |       |     3 |     1 |     7 |       ||    11
  Evoke: Wand              |       |       |     5 |     3 |     4 |    17 |     1 ||    30
         Box of beasts     |       |       |       |       |     2 |     3 |     2 ||     7
         Tin of tremorston |       |       |       |       |     2 |     2 |       ||     4
         Lightning rod     |       |       |       |       |       |    10 |       ||    10
    Use: Scroll            |       |       |    14 |     9 |     7 |    19 |     6 ||    55
         Potion            |       |       |     1 |       |       |     1 |     9 ||    11
   Stab: Sleeping          |     1 |     1 |     2 |     2 |     4 |    11 |     3 ||    24
         Petrifying        |       |       |       |       |     1 |       |       ||     1
         Distracted        |       |       |       |       |     1 |     4 |     1 ||     6
         Betrayed ally     |       |       |       |       |       |     1 |       ||     1
         Confused          |       |       |       |       |       |    17 |     5 ||    22
 Armour: Skin              |    35 |    49 |    87 |   159 |   210 |   405 |    53 ||   998
  Dodge: Dodged            |    88 |    99 |   128 |   366 |  1033 |  2547 |   523 ||  4784
  Block: Other             |     4 |    40 |    51 |   110 |   222 |   465 |    72 ||   964
         Reflection        |       |     2 |       |     1 |     6 |     9 |       ||    18
Riposte: Great mace        |       |       |       |       |       |    44 |   118 ||   162

Illustrated notes

Table legend:
 A = Kills in this place as a percentage of kills in the entire game.
 B = Kills by you in this place as a percentage of kills by you in the entire game.
 C = Kills by friends in this place as a percentage of kills by friends in the entire game.
 D = Other kills in this place as a percentage of other kills in the entire game.
 E = Experience gained in this place as a percentage of experience gained in the entire game.
 F = Experience gained in this place divided by the number of levels of this place that you have seen.
                   A       B       C       D       E      F
               +-------+-------+-------+-------+-------+----------------------
         Total | 100.0 | 100.0 | 100.0 | 100.0 | 100.0 | 11804.5
       Dungeon |  33.4 |  33.8 |   0.0 |  16.7 |  13.4 | 4941.5
          Lair |  10.9 |  11.1 |   0.0 |   0.0 |   8.0 | 8867.6
         Swamp |  11.5 |  11.6 |   0.0 |  16.7 |  13.6 | 18827.5
   Spider Nest |  16.0 |  15.7 |  27.3 |  41.7 |  15.2 | 21061.0
  Orcish Mines |  11.0 |  11.0 |  27.3 |   0.0 |   5.1 | 14036.0
   Elven Halls |   0.8 |   0.7 |   9.1 |   0.0 |   1.2 | 6508.0
        Vaults |   2.7 |   2.6 |  18.2 |   0.0 |   3.7 | 20622.0
        Depths |   5.8 |   5.7 |   0.0 |  16.7 |  13.4 | 18535.0
           Zot |   7.2 |   7.2 |   0.0 |   8.3 |  25.9 | 28691.2
      Gauntlet |   0.7 |   0.6 |  18.2 |   0.0 |   0.7 | 3998.0
               +-------+-------+-------+-------+-------+----------------------

Table legend: (Time is in decaauts)
 A = Elapsed time spent in this place.
 B = Non-inter-level travel time spent in this place.
 C = Inter-level travel time spent in this place.
 D = Time resting spent in this place.
 E = Time spent auto-exploring this place.
 F = Levels seen in this place.
 G = Mean time per level.
                   A        B        C        D        E       F      G
               +--------+--------+--------+--------+--------+-----+--------+
         Total |  38181 |  34623 |   3558 |   5573 |  20715 |  47 |  812.4 |
       Dungeon |  15136 |  13443 |   1693 |   1400 |   9396 |  15 | 1009.1 |
          Lair |   7458 |   6464 |    994 |   1317 |   4256 |   5 | 1491.6 |
         Swamp |   2709 |   2605 |    104 |    121 |   1637 |   4 |  677.2 |
   Spider Nest |   5394 |   5120 |    274 |    937 |   2752 |   4 | 1348.5 |
    Slime Pits |    551 |    473 |     78 |      0 |    306 |   5 |  110.2 |
  Orcish Mines |   2735 |   2526 |    209 |    972 |    983 |   2 | 1367.5 |
   Elven Halls |     53 |     53 |      0 |      0 |      0 |   1 |   53.0 |
        Vaults |   1102 |   1040 |     62 |     30 |    846 |   1 | 1102.0 |
        Depths |    914 |    856 |     58 |    156 |    219 |   4 |  228.5 |
           Zot |   1746 |   1665 |     81 |    489 |    215 |   5 |  349.2 |
      Gauntlet |    379 |    379 |      0 |    149 |    104 |   1 |  379.0 |
               +--------+--------+--------+--------+--------+-----+--------+

Top non-repeatable levels by time:
  Lair:2: 2386 daAuts
   Orc:2: 1985 daAuts
  Lair:5: 1773 daAuts
    D:15: 1767 daAuts
Spider:1: 1753 daAuts
Spider:2: 1484 daAuts
Spider:4: 1395 daAuts
  Lair:4: 1395 daAuts
     D:8: 1356 daAuts
    D:11: 1214 daAuts
     D:4: 1208 daAuts
    D:10: 1144 daAuts
Vaults:1: 1102 daAuts
     D:5: 1044 daAuts
  Lair:1: 983 daAuts
